 Dungeon Crawl Stone Soup version 0.17.1-1-g73c8601 (webtiles) character file.

265351 Wutend the Slayer (level 20, -1/180 HPs)
             Began as a Merfolk Gladiator on Dec 19, 2015.
             Was a High Priest of Yredelemnul.
             Slain by an azure jelly (20 damage)
             ... created by the royal jelly
             ... on level 6 of the Pits of Slime on Jan 3, 2016.
             The game lasted 05:00:20 (41892 turns).

Wutend the Slayer (Merfolk Gladiator)              Turns: 41892, Time: 05:00:22

Health: -1/180     AC: -7    Str: 19    XL:     20   Next: 7%
Magic:  1/28       EV: 34    Int: 10    God:    Yredelemnul [*****.]
Gold:   4273       SH: 10    Dex: 28    Spells: 4 memorised, 11 levels left

rFire  + . .     SeeInvis +     X - +2 trident of Eternal Vigilance {pierce, Dex+6 Stlth-}
rCold  . . .     Clarity  .     S - +2 leather armour of Negligence {MR+ Dex+3 Stlth+}
rNeg   . . .     SustAt   .     s - +2 buckler {reflect}
rPois  .         Gourm    .     c - +1 helmet
rElec  .         Spirit   .     t - +2 cloak {MR+}
rCorr  .         Warding  .     v - +0 pair of gloves
rMut   .         Stasis   .     (no boots)
MR     +++..                    i - amulet of regeneration
Stlth  +.........               W - ring "Mawycw" {rF+ Dex+4 Stlth-}
                                k - ring of see invisible

@: injury mirror, corroded equipment, extremely resistant to hostile
enchantments, very unstealthy
A: change form in water, swift swim, clumsy 1
a: Recall Undead Slaves, Injury Mirror, Animate Dead, Drain Life, Enslave Soul,
Renounce Religion
}: 2/15 runes: serpentine, barnacled


You were on level 6 of the Pits of Slime.
You worshipped Yredelemnul.
Yredelemnul was extremely pleased with you.
You were very hungry.

You visited 8 branches of the dungeon, and saw 46 of its levels.
You also visited: Ice Cave.

You collected 4273 gold pieces.

Inventory:

Hand Weapons
 J - the +3 Elemental Staff {rElec rF++ rC++ MR++ AC+5}
   (You found it on level 3 of the Elven Halls)

   It affects your AC (+5).
   It greatly protects you from fire.
   It greatly protects you from cold.
   It insulates you from electricity.
   It affects your resistance to hostile enchantments.
 X - the +2 trident of Eternal Vigilance (weapon) {pierce, Dex+6 Stlth-}
   (You found it on level 14 of the Dungeon)

   It inflicts extra damage upon your enemies.
   It affects your dexterity (+6).
   It makes you less stealthy.
Missiles
 Z - 6 javelins of penetration (quivered)
Armour
 c - a +1 helmet (worn)
 s - a +2 buckler of reflection (worn)
 t - a +2 cloak of magic resistance (worn)
 v - a +0 pair of gloves (worn)
 S - the +2 leather armour of Negligence (worn) {MR+ Dex+3 Stlth+}
   (You found it on level 11 of the Dungeon)

   It affects your dexterity (+3).
   It affects your resistance to hostile enchantments.
   It makes you more stealthy.
Jewellery
 i - an amulet of regeneration (around neck)
 k - a ring of see invisible (left hand)
 u - an uncursed ring of poison resistance
 F - an uncursed amulet of the gourmand
 V - an uncursed ring of positive energy
 W - the ring "Mawycw" (right hand) {rF+ Dex+4 Stlth-}
   (You found it on level 3 of the Elven Halls)

   [ring of loudness]

   It affects your dexterity (+4).
   It protects you from fire.
   It makes you less stealthy.
Wands
 l - a wand of digging (10)
 p - a wand of frost (12)
 q - a wand of cold (6)
 w - a wand of teleportation (2)
 x - a wand of heal wounds (7)
 C - a wand of disintegration (15)
Scrolls
 h - 2 scrolls of enchant armour
 m - 21 scrolls of remove curse
 r - a scroll of amnesia
 z - a scroll of enchant weapon
 A - 3 scrolls of fear
 E - 6 scrolls of recharging
 M - 3 scrolls of blinking
 O - 2 scrolls of identify
 R - 6 scrolls of teleportation
Potions
 a - 5 potions of might
 b - a potion of resistance
 f - 4 potions of agility
 j - a potion of cancellation
 n - 2 potions of invisibility
 I - 13 potions of curing
 K - a potion of brilliance
 N - 4 potions of flight
Miscellaneous
 T - a crystal ball of energy
Comestibles
 e - 6 bread rations


   Skills:
 - Level 21.4 Fighting
 - Level 14.9 Polearms
 - Level 2.0 Throwing
 - Level 6.6 Armour
 - Level 19.7 Dodging
 - Level 9.0 Shields
 - Level 2.0 Spellcasting
 - Level 12.0 Charms
 - Level 6.0 Translocations
 + Level 9.5 Transmutations
 - Level 11.4 Invocations


You had 11 spell levels left.
You knew the following spells:

 Your Spells              Type           Power        Failure   Level  Hunger
a - Repel Missiles        Chrm/Air       ##....       4%          2    ###....
b - Blink                 Tloc           N/A          4%          2    ###....
c - Swiftness             Chrm/Air       ##......     4%          2    ###....
d - Statue Form           Trmt/Erth      ##.......    100%        6    #######


Dungeon Overview and Level Annotations

Branches:
Dungeon (15/15)            Temple (0/1) D:7            Lair (8/8) D:8
 Shoals (4/4) Lair:4        Snake (4/4) Lair:3        Slime (6/6) Lair:6
    Orc (4/4) D:10            Elf (3/3) Orc:4        Vaults (2/5) D:13
  Crypt (0/3) Vaults:2     Depths (0/5) D:15

Altars:
Cheibriados
Dithmenos
Elyvilon
Fedhas
Gozag
Makhleb
Okawaru
Ru
Sif Muna
Trog
Vehumet
Xom
Yredelemnul
Zin
The Shining One
Jiyva

Shops:
D:5 [   D:8 *   D:11 }   Orc:4 [:}*   Elf:1 *   Shoals:2 [

Portals:
Trove: D:11 (give +4 gold dragon armour)

Annotations:
Shoals:2 Louise
Slime:6 Royal Jelly


Innate Abilities, Weirdness & Mutations

You revert to your normal form in water.
You are very nimble and swift while swimming.
You are clumsy. (Dex -2)


Message History

You hit the azure jelly but do no damage.
The azure jelly is severely wounded.
You block the azure jelly's attack. The azure jelly completely misses you.
You block the azure jelly's attack. The azure jelly completely misses you.
Attack whom?
Press: ? - help, Dir - move target cursor, f/p - azure jelly
Aim: an azure jelly (severely wounded)
You barely miss the azure jelly.
The azure jelly is severely wounded.
The acid blob barely misses you.
Attack whom?
Press: ? - help, Dir - move target cursor, f/p - azure jelly
Aim: an azure jelly (severely wounded)
You barely miss the azure jelly.
The azure jelly is severely wounded.
The azure jelly hits you!
* * * LOW HITPOINT WARNING * * *
The azure jelly freezes you!!
You die...
Your body rises from the dead as a mindless zombie.

...............
...............
.#..#.n..#.....
#####.#####...
#..# ... #.##
.. #..# ##J#
#)@# #J## #G .J
... ###. #. #.


You could see an acid blob, an azure jelly, a shining eye and a death ooze.

Vanquished Creatures
  A lich (Vaults:1)
  An acid blob (Slime:6)
  5 greater nagas
  2 vault wardens
  A deep elf sorcerer (Elf:3)
  2 ironheart preservers (Vaults:1)
  3 deep elf demonologists (Elf:3)
  A dire elephant (D:15)
  A great orb of eyes (Slime:6)
  A deep elf death mage (Elf:3)
  14 slime creatures
  2 vault guards
  A deep elf high priest (Elf:1)
  6 hydras
  An ogre mage (Vaults:2)
  A rakshasa (Vaults:2)
  A centaur warrior (Vaults:1)
  2 anacondas
  A catoblepas (D:14)
  Erolcha (D:10)
  4 death yaks
  4 dancing weapons (Elf:2)
  A merfolk aquamancer (Shoals:3)
  A queen ant (Lair:3)
  2 shock serpents
  4 skeletal warriors
  A small abomination (Elf:3)
  A deep elf knight (Elf:2)
  3 ice devils (IceCv)
  3 sea snakes (Snake:3)
  3 unseen horrors
  2 salamander mystics (Snake:4)
  2 ironbrand convokers (Vaults:1)
  2 hill giants
  2 mana vipers
  Pikel (D:6)
  An orc knight (Vaults:2)
  An unseen horror (shapeshifter) (D:14)
  2 giant orange brains (Vaults:2)
  4 harpies
  A harpy (shapeshifter) (D:14)
  A naga ritualist (Snake:4)
  3 griffons (Lair:5)
  2 cyclopes
  5 deep elf conjurers
  2 ugly things
  4 salamanders
  4 elephants
  A faun (Shoals:4)
  An orc sorcerer (Elf:3)
  A wolf spider (Vaults:2)
  A water nymph (Shoals:2)
  5 naga magi
  A siren (Lair:4)
  6 black mambas
  An ice statue (IceCv)
  2 human skeletons (Vaults:2)
  3 guardian serpents (Snake:4)
  A merfolk zombie (Shoals:1)
  A gargoyle (D:12)
  A kobold demonologist (D:11)
  6 spiny frogs
  3 komodo dragons
  7 yaktaurs
  A spriggan druid (Lair:8)
  2 deep elf priests
  6 trolls
  A harpy zombie (Shoals:1)
  2 blue devils (IceCv)
  2 tengu conjurers (Vaults:1)
  3 merfolk
  2 polar bears
  7 ogres
  A trapdoor spider zombie (D:11)
  A trapdoor spider (D:10)
  6 blink frogs
  2 two-headed ogres
  14 yaks
  A redback (Lair:8)
  3 spriggans (Lair:8)
  12 deep elf magi
  A centaur simulacrum (D:10)
  The ghost of Iamburgie the Skirmisher, an amateur MiFi of Okawaru (D:5)
  A hill giant zombie (D:10)
  A wraith (D:10)
  10 hippogriffs
  2 shadows
  2 hogs
  11 vampire mosquitoes
  A basilisk (Lair:1)
  A human (shapeshifter) (Vaults:2)
  3 hungry ghosts
  A human (D:7)
  8 wolves
  4 wargs
  12 deep elf fighters
  8 nagas
  5 soldier ants (Lair:3)
  A soldier ant (shapeshifter) (Vaults:1)
  4 porcupines
  A deep troll skeleton (Vaults:2)
  Duvessa (D:6)
  A hydra simulacrum (IceCv)
  9 water moccasins
  A slave (D:6)
  3 ice beasts
  2 sky beasts
  3 wasps
  3 phantoms
  An eye of draining (Slime:1)
  4 black bears
  12 orc warriors
  9 crocodiles
  3 big kobolds
  4 centaurs
  A brain worm (Lair:4)
  A spectral naga (Shoals:1)
  17 giant frogs
  A water moccasin zombie (D:6)
  4 scorpions
  Dowan (D:6)
  An orc simulacrum (Vaults:2)
  16 wights
  A troll zombie (D:10)
  4 electric eels
  5 centaur zombies
  7 jellies
  3 giant frog skeletons
  4 giant frog zombies
  A lava snake (Lair:5)
  3 crimson imps
  6 orc priests
  16 orc wizards
  3 centaur skeletons
  A gnoll shaman (D:5)
  Jessica (D:2)
  6 hounds
  Terence (D:2)
  8 iguanas
  20 worker ants
  22 sheep
  A killer bee zombie (D:10)
  4 ogre zombies (D:10)
  A hound skeleton (D:6)
  A mummy (D:8)
  8 adders
  12 gnolls
  A white imp (Vaults:2)
  24 river rats
  5 shadow imps
  3 oozes
  A worm (D:2)
  An adder skeleton (D:6)
  8 giant geckos
  88 orcs
  2 ball pythons (D:3)
  6 giant cockroaches
  6 goblins
  7 hobgoblins
  2 quokkas
  7 bats
  A giant cockroach zombie (D:6)
  5 giant newts
  A goblin zombie (D:10)
  2 hobgoblin skeletons (D:10)
  3 hobgoblin zombies (D:10)
  12 jackals
  21 kobolds
  2 orc skeletons
  9 orc zombies (D:10)
  A quokka skeleton (D:3)
  2 quokka zombies
  8 rats
  A fire vortex (Vaults:2)
  A tentacle (Shoals:1)
766 creatures vanquished.

Vanquished Creatures (collateral kills)
  Norris (Vaults:2)
  Saint Roka (Elf:3)
  Rupert (Orc:2)
  3 deep elf blademasters
  2 deep elf master archers (Elf:3)
  A sphinx (Vaults:2)
  13 acid blobs
  A kraken (Shoals:1)
  A tengu reaver (Vaults:1)
  Kirke (Shoals:1)
  Roxanne (Shoals:1)
  Ilsuiw (Shoals:4)
  7 azure jellies
  4 deep elf sorcerers
  A vault warden (Vaults:2)
  Aizul (Elf:2)
  11 greater nagas (Snake:4)
  An orc warlord (Orc:4)
  The ghost of futacatgirl the Carver, a journeyman DsGl of Ru (Lair:8)
  An emperor scorpion (D:15)
  A stone giant (Vaults:2)
  An ironheart preserver (Vaults:2)
  A deep elf demonologist (Elf:3)
  Nessos (Orc:4)
  2 deep elf annihilators (Elf:3)
  A salamander stormcaller (Vaults:2)
  An ettin (Vaults:2)
  4 deep elf death magi (Elf:3)
  2 fire dragons
  5 merfolk javelineers
  3 great orbs of eyes
  5 vault guards
  5 merfolk impalers
  A small abomination (Elf:3)
  3 death oozes
  Fannar (Orc:2)
  4 hydras
  The ghost of DeXoteric the Transmogrifier, a journeyman DrTm of Cheibriados (Lair:2)
  Harold (Lair:3)
  11 naga warriors
  An ice dragon (D:13)
  5 centaur warriors
  10 anacondas
  3 yaktaur captains (Vaults:2)
  A merfolk avatar (Shoals:1)
  4 merfolk aquamancers
  7 satyrs (Shoals:4)
  3 ogre magi
  2 tengu warriors (D:13)
  10 dancing weapons (Elf:2)
  4 death yaks
  4 naga sharpshooters (Snake:4)
  Sonja (Lair:3)
  Nergalle (Orc:3)
  5 shock serpents
  10 deep elf knights
  A salamander mystic (Snake:3)
  14 skeletal warriors
  3 wizards
  2 deep trolls (Orc:4)
  5 naga ritualists
  5 deep elf summoners
  2 unseen horrors
  2 flayed ghosts
  18 harpies
  14 sea snakes
  4 ironbrand convokers
  An orb spider (shapeshifter) (D:15)
  8 hill giants
  A wolf spider (Vaults:1)
  14 deep elf conjurers
  5 manticores
  3 orc knights
  5 water nymphs
  3 mana vipers
  3 ugly things
  9 griffons
  A hornet (Vaults:2)
  12 salamanders
  6 cyclopes
  4 elephants
  2 centaur zombies (D:13)
  7 fauns (Shoals:4)
  2 sirens
  26 black mambas
  A stone giant skeleton (Vaults:2)
  7 spiny frogs
  17 guardian serpents
  2 centaur skeletons
  2 vault sentinels
  22 naga magi
  A gargoyle (D:14)
  3 komodo dragons
  3 fire drakes
  4 yaktaurs
  9 trolls
  9 deep elf priests
  A spriggan druid (Lair:8)
  2 human skeletons (Vaults:2)
  A troll (shapeshifter) (Elf:1)
  2 tengu conjurers (Vaults:1)
  2 polar bears (Lair:8)
  An efreet (D:14)
  25 merfolk
  2 wind drakes
  A polar bear (shapeshifter) (D:13)
  8 blink frogs
  9 two-headed ogres
  17 slime creatures
  A boulder beetle (Vaults:1)
  4 snapping turtles
  An ettin skeleton (Vaults:2)
  A shadow (D:13)
  A centaur simulacrum (D:15)
  A trapdoor spider (shapeshifter) (Elf:3)
  4 redbacks (Lair:8)
  4 spriggans (Lair:8)
  17 deep elf fighters
  19 yaks
  A trapdoor spider (D:13)
  2 wraiths
  3 basilisks
  6 water elementals
  4 wyverns
  5 hogs (Shoals:1)
  14 wolves
  20 deep elf magi
  2 golden eyes (Slime:1)
  7 hippogriffs
  33 nagas
  15 vampire mosquitoes
  A soldier ant (D:12)
  A warg (Elf:3)
  A mottled dragon (D:13)
  3 porcupines
  A deep troll skeleton (Vaults:2)
  2 wasps
  17 orc warriors
  2 sky beasts
  7 water moccasins
  10 ice beasts
  6 black bears (Lair:8)
  A phantom (D:9)
  3 eyes of draining
  20 ogres
  9 crocodiles
  A big kobold (D:13)
  14 centaurs
  2 wyvern zombies (D:13)
  9 giant frogs
  A wyvern skeleton (D:13)
  A scorpion (D:13)
  8 wights
  6 electric eels
  4 crimson imps
  2 hounds
  16 jellies
  A lava snake (Lair:5)
  16 orc priests
  3 iguanas
  13 sheep
  11 orc wizards
  14 worker ants
  A hound zombie (D:7)
  2 gnolls (D:8)
  30 river rats
  2 shadow imps (D:13)
  74 orcs
  A kobold (D:8)
  An orc skeleton (D:10)
  An orc zombie (D:10)
  4 bushes (D:13)
  A butterfly (Lair:7)
  A fire vortex (Vaults:2)
  49 fungi
  68 plants
1118 creatures vanquished.

Vanquished Creatures (others)
  4 profane servitors
  A bone dragon (Slime:6)
  5 ghouls
  7 vampire knights
  2 deep elf high priests (Elf:3)
  A great orb of eyes (Vaults:2)
  An ogre mage (Orc:4)
  A centaur warrior (Vaults:1)
  A deep elf knight (Elf:3)
  7 skeletal warriors
  An anaconda zombie (Snake:4)
  2 flayed ghosts
  A spectral elf (Elf:3)
  6 phantasmal warriors
  A faun (Shoals:4)
  A spectral hill giant (D:15)
  3 human zombies (Vaults:2)
  6 elf zombies (Elf:3)
  A death yak zombie (Lair:4)
  A spectral salamander (Snake:4)
  2 yaktaurs
  A sea snake zombie (Snake:3)
  5 harpy zombies
  3 guardian serpent zombies (Snake:4)
  A trapdoor spider zombie (D:10)
  A harpy skeleton (Shoals:3)
  A hornet zombie (Vaults:2)
  An ettin zombie (Vaults:2)
  2 satyr zombies (Shoals:4)
  3 wraiths
  8 flying skulls (Lair:7)
  An elf skeleton (Elf:3)
  A guardian serpent skeleton (Snake:4)
  2 hill giant zombies
  7 vampires
  4 black mamba zombies
  A hill giant skeleton (D:11)
  5 naga zombies
  2 merfolk zombies
  2 faun zombies (Shoals:4)
  A naga skeleton (Snake:4)
  A snapping turtle zombie (Shoals:4)
  A manticore zombie (Shoals:1)
  6 blink frog zombies
  A centaur (D:15)
  3 vampire mosquito zombies
  2 yaktaur zombies
  3 salamander zombies
  A salamander skeleton (Snake:4)
  A cyclops zombie (Orc:4)
  A spectral naga (Snake:2)
  A wyvern zombie (Lair:8)
  3 water moccasin zombies
  3 spectral ogres
  A warg zombie (Orc:4)
  2 troll zombies (Orc:4)
  A boulder beetle zombie (Vaults:1)
  3 wights
  4 yak zombies (D:10)
  2 hippogriff zombies
  5 wolf zombies (Lair:8)
  A jelly (D:13)
  2 wasp zombies
  3 giant frog zombies
  A two-headed ogre zombie (Vaults:2)
  3 centaur zombies
  7 ogre zombies
  2 porcupine zombies
  A giant frog skeleton (D:11)
  2 big kobold zombies
  A brain worm zombie (Lair:4)
  2 hound zombies (D:8)
  A mummy (D:10)
  13 worker ant zombies
  An electric eel zombie (Snake:3)
  7 sheep zombies
  2 gnoll zombies (D:8)
  10 river rat zombies
  2 jackal zombies (D:8)
  23 orc zombies
  A quokka zombie (D:7)
  3 spectral orcs
  2 fire vortices (Vaults:2)
  6 fungi
  4 plants
  7 tentacles (Shoals:1)
  36 tentacle segments (Shoals:1)
295 creatures vanquished.

Grand Total: 2179 creatures vanquished

Notes
Turn   | Place    | Note
--------------------------------------------------------------
     0 | D:1      | Wutend the Merfolk Gladiator began the quest for the Orb.
     0 | D:1      | Reached XP level 1. HP: 16/16 MP: 1/1
    70 | D:1      | Reached XP level 2. HP: 21/23 MP: 2/2
   129 | D:1      | Reached skill level 5 in Polearms
   364 | D:1      | Reached XP level 3. HP: 28/28 MP: 3/3
   852 | D:2      | Found a white marble altar of Elyvilon.
   898 | D:2      | Noticed Jessica
   899 | D:2      | Found a bloodstained altar of Trog.
   945 | D:2      | Killed Jessica
   945 | D:2      | Reached XP level 4. HP: 12/35 MP: 4/4
  1200 | D:2      | Reached skill level 6 in Polearms
  1217 | D:2      | Found a radiant altar of Vehumet.
  1389 | D:2      | Noticed Terence
  1413 | D:2      | Killed Terence
  1413 | D:2      | Reached XP level 5. HP: 24/41 MP: 5/5
  1419 | D:2      | Reached skill level 5 in Dodging
  2422 | D:3      | Reached skill level 7 in Polearms
  2701 | D:3      | Found a glowing golden altar of the Shining One.
  2877 | D:3      | Reached XP level 6. HP: 27/48 MP: 6/6
  3415 | D:4      | Found a shimmering altar of Xom.
  3415 | D:4      | Found a burning altar of Makhleb.
  3538 | D:4      | Found a blossoming altar of Fedhas.
  3789 | D:4      | Found a basalt altar of Yredelemnul.
  3789 | D:4      | Found a glowing silver altar of Zin.
  3789 | D:4      | Found a deep blue altar of Sif Muna.
  3791 | D:4      | Became a worshipper of Yredelemnul the Dark
  3816 | D:4      | Reached skill level 8 in Polearms
  4382 | D:5      | Entered Level 5 of the Dungeon
  4382 | D:5      | Found Nustunk's Antique Armour Emporium.
  4475 | D:5      | Got a warped quarterstaff
  4476 | D:5      | Identified the +5 quarterstaff "Joentamp" {freeze, rF+ rN+ SInv} (You found it on level 5 of the Dungeon)
  4502 | D:5      | Noticed Iamburgie's ghost (amateur MiFi)
  4519 | D:5      | Reached XP level 7. HP: 55/55 MP: 7/7
  4562 | D:5      | Killed Iamburgie's ghost
  4562 | D:5      | Reached skill level 9 in Polearms
  4672 | D:5      | Found a snail-covered altar of Cheibriados.
  4719 | D:5      | Reached skill level 5 in Fighting
  5315 | D:6      | Reached skill level 10 in Polearms
  5315 | D:6      | Reached XP level 8. HP: 62/62 MP: 8/8
  5376 | D:6      | Noticed Dowan
  5389 | D:6      | Killed Dowan
  5476 | D:6      | Noticed Duvessa
  5491 | D:6      | Killed Duvessa
  5493 | D:6      | Noticed Pikel
  5520 | D:6      | Killed Pikel
  5520 | D:6      | Reached * piety under Yredelemnul
  5520 | D:6      | Reached skill level 11 in Polearms
  5614 | D:6      | Reached XP level 9. HP: 71/71 MP: 9/9
  5692 | D:6      | Reached skill level 12 in Polearms
  6160 | D:7      | Found a staircase to the Ecumenical Temple.
  6468 | D:7      | Reached skill level 13 in Polearms
  6512 | D:7      | Found a sacrificial altar of Ru.
  6940 | D:8      | Found a sand-covered staircase.
  7175 | D:8      | Reached XP level 10. HP: 80/80 MP: 8/10
  7237 | D:8      | Reached skill level 14 in Polearms
  7239 | D:8      | Reached skill level 10 in Dodging
  7271 | D:8      | Reached ** piety under Yredelemnul
  7503 | D:8      | Found a staircase to the Lair.
  7645 | D:8      | Found an iron altar of Okawaru.
  7756 | D:8      | Found Uzuzake's Assorted Antiques.
  8404 | D:9      | Reached skill level 1 in Invocations
  9019 | D:10     | Entered Level 10 of the Dungeon
  9064 | D:10     | Reached *** piety under Yredelemnul
  9134 | D:10     | Noticed a hill giant
  9302 | D:10     | Reached XP level 11. HP: 57/89 MP: 14/14
  9336 | D:10     | Reached skill level 5 in Invocations
  9558 | D:10     | Found a staircase to the Orcish Mines.
  9818 | D:10     | Received a gift from Yredelemnul
  9932 | D:10     | Noticed a hill giant
  9946 | D:10     | Killed a hill giant
 10126 | D:10     | Noticed Erolcha
 10149 | D:10     | Killed Erolcha
 10175 | D:10     | Your ally Erolcha died
 10185 | D:10     | Reached skill level 10 in Fighting
 10223 | D:10     | Received a gift from Yredelemnul
 10495 | D:10     | Killed a hill giant
 10670 | D:11     | Noticed a vault guard
 10707 | D:11     | Killed a vault guard
 10720 | D:11     | Found a portal to a secret trove of treasure.
 10757 | D:11     | Got a polished leather armour
 10768 | D:11     | Identified the +2 leather armour of Negligence {MR+ Dex+3 Stlth+} (You found it on level 11 of the Dungeon)
 10953 | D:11     | Reached skill level 1 in Armour
 10957 | D:11     | Found a shadowy altar of Dithmenos.
 11427 | D:11     | Found Cippuugo's Gadget Shoppe.
 11453 | D:11     | Noticed a hill giant
 11460 | D:11     | Killed a hill giant
 11460 | D:11     | Reached XP level 12. HP: 57/99 MP: 18/18
 11937 | D:11     | Noticed an unseen horror
 11960 | D:11     | Killed an unseen horror
 12500 | Lair:1   | Entered Level 1 of the Lair of Beasts
 12513 | Lair:1   | Identified Peneog's Incunabulum of Earthen Transmigration
 12807 | Lair:1   | Reached **** piety under Yredelemnul
 14003 | Lair:2   | Noticed DeXoteric's ghost (journeyman DrTm)
 14043 | Lair:2   | Killed DeXoteric's ghost
 14077 | Lair:2   | Received a gift from Yredelemnul
 14535 | Lair:3   | Found a staircase to the Snake Pit.
 14719 | Lair:3   | Noticed a queen ant
 14740 | Lair:3   | Killed a queen ant
 14740 | Lair:3   | Received a gift from Yredelemnul
 14824 | Lair:3   | Reached ***** piety under Yredelemnul
 14877 | Lair:3   | Noticed Harold
 14897 | Lair:3   | Killed Harold
 14898 | Lair:3   | Received a gift from Yredelemnul
 14948 | Lair:3   | Noticed a seven-headed hydra
 14964 | Lair:3   | Killed an eight-headed hydra
 15114 | Lair:3   | Reached XP level 13. HP: 101/109 MP: 19/19
 15369 | Lair:3   | Noticed Sonja
 15383 | Lair:3   | Killed Sonja
 16081 | Lair:4   | Received a gift from Yredelemnul
 16111 | Lair:4   | Got a fine amber ring
 16113 | Lair:4   | Identified the ring "Bulamp" {Fire rElec rPois Dex-4} (You found it on level 4 of the Lair of Beasts)
 16292 | Lair:4   | HP: 4/112 [death yak (21)]
 16808 | Lair:4   | Found a staircase to the Shoals.
 17205 | Lair:5   | Reached skill level 1 in Shields
 18324 | Lair:5   | Received a gift from Yredelemnul
 18541 | Lair:6   | Received a gift from Yredelemnul
 18869 | Lair:6   | Found a staircase to the Slime Pits.
 19409 | Lair:7   | Received a gift from Yredelemnul
 19413 | Lair:7   | Reached XP level 14. HP: 121/121 MP: 19/21
 19638 | Lair:7   | Reached skill level 10 in Invocations
 19745 | Lair:7   | Received a gift from Yredelemnul
 19914 | Lair:7   | Reached skill level 15 in Fighting
 20191 | Lair:8   | Entered Level 8 of the Lair of Beasts
 20290 | Lair:8   | Received a gift from Yredelemnul
 20309 | Lair:8   | Reached skill level 5 in Shields
 20340 | Lair:8   | Reached ****** piety under Yredelemnul
 20405 | Lair:8   | Received a gift from Yredelemnul
 20560 | Lair:8   | Noticed futacatgirl's ghost (journeyman DsGl)
 20586 | Lair:8   | Killed futacatgirl's ghost
 20810 | Lair:8   | Received a gift from Yredelemnul
 20948 | Lair:8   | Reached skill level 15 in Dodging
 21011 | Lair:8   | Received a gift from Yredelemnul
 21832 | Orc:1    | Entered Level 1 of the Orcish Mines
 22072 | Orc:2    | Noticed Rupert
 22079 | Orc:2    | Received a gift from Yredelemnul
 22088 | Orc:2    | Killed Rupert
 22088 | Orc:2    | Reached skill level 1 in Spellcasting
 22122 | Orc:2    | Noticed Fannar
 22136 | Orc:2    | Killed Fannar
 22340 | Orc:1    | Received a gift from Yredelemnul
 22373 | Orc:1    | Received a gift from Yredelemnul
 22793 | Orc:2    | Received a gift from Yredelemnul
 23010 | Orc:4    | Entered Level 4 of the Orcish Mines
 23019 | Orc:4    | Found a staircase to the Elven Halls.
 23029 | Orc:4    | Noticed an orc warlord
 23039 | Orc:4    | Received a gift from Yredelemnul
 23050 | Orc:4    | Killed an orc warlord
 23054 | Orc:4    | Found Puda's Antique Armour Emporium.
 23055 | Orc:4    | Found Ingioc's Book Shoppe.
 23060 | Orc:4    | Found Xyczorest's Gadget Shop.
 23063 | Orc:4    | Received a gift from Yredelemnul
 23104 | Orc:4    | Found Adghoifo's Assorted Antiques.
 23369 | Orc:4    | Noticed Nessos
 23387 | Orc:4    | Killed Nessos
 23974 | Orc:3    | Received a gift from Yredelemnul
 24146 | Orc:3    | Noticed Nergalle
 24154 | Orc:3    | Killed Nergalle
 24167 | Orc:3    | Found a bloodstained altar of Trog.
 24383 | D:12     | Received a gift from Yredelemnul
 24386 | D:12     | Reached XP level 15. HP: 130/130 MP: 22/22
 24539 | D:12     | Reached skill level 16 in Fighting
 24745 | D:12     | Noticed an eight-headed hydra
 24755 | D:12     | Killed an eight-headed hydra
 24996 | D:12     | Received a gift from Yredelemnul
 25222 | D:13     | Found a gate to the Vaults.
 25273 | D:13     | Received a gift from Yredelemnul
 25373 | D:13     | Found a blossoming altar of Fedhas.
 25489 | D:13     | Received a gift from Yredelemnul
 26211 | D:14     | Found an iron altar of Okawaru.
 26235 | D:14     | Got a faintly glowing trident
 26236 | D:14     | Identified the +2 trident of Eternal Vigilance {pierce, Dex+6 Stlth-} (You found it on level 14 of the Dungeon)
 26774 | D:15     | Entered Level 15 of the Dungeon
 26779 | D:15     | Found an opulent altar of Gozag.
 26834 | D:15     | Received a gift from Yredelemnul
 27024 | D:15     | Found a deep blue altar of Sif Muna.
 27120 | D:15     | Found a staircase to the Depths.
 27315 | D:15     | Received a gift from Yredelemnul
 27393 | D:15     | Reached skill level 17 in Dodging
 27969 | Lair:2   | Learned a level 2 spell: Repel Missiles
 27972 | Lair:2   | Learned a level 2 spell: Blink
 28017 | Snake:1  | Entered Level 1 of the Snake Pit
 28075 | Snake:1  | Received a gift from Yredelemnul
 28133 | Snake:1  | Reached skill level 1 in Charms
 28399 | Snake:1  | Reached XP level 16. HP: 140/140 MP: 24/24
 28619 | Snake:1  | Received a gift from Yredelemnul
 29130 | Snake:2  | Reached skill level 5 in Charms
 29782 | Snake:3  | Received a gift from Yredelemnul
 29913 | Snake:3  | Received a gift from Yredelemnul
 30379 | Snake:4  | Entered Level 4 of the Snake Pit
 30578 | Snake:4  | Reached skill level 10 in Charms
 30791 | Snake:4  | Received a gift from Yredelemnul
 30849 | Snake:4  | Reached XP level 17. HP: 105/149 MP: 15/25
 30855 | Snake:4  | Reached skill level 18 in Fighting
 31505 | Snake:4  | Reached skill level 1 in Translocations
 31684 | Snake:4  | Got a serpentine rune of Zot
 31913 | Shoals:1 | Entered Level 1 of the Shoals
 32010 | Shoals:1 | Noticed Roxanne
 32136 | Shoals:1 | Received a gift from Yredelemnul
 32200 | Shoals:1 | Killed Roxanne
 32210 | Shoals:1 | Identified Roxanne's Volume of Unstable Stones (You took it off Roxanne on level 1 of the Shoals)
 32285 | Shoals:1 | Noticed Kirke
 32304 | Shoals:1 | Killed Kirke
 32669 | Shoals:2 | Found Rigin's Antique Armour Shoppe.
 32735 | Shoals:2 | Noticed Louise
 32772 | Shoals:3 | Found a frozen archway.
 32826 | IceCv    | Entered an ice cave
 33250 | Shoals:4 | Entered Level 4 of the Shoals
 33252 | Shoals:4 | Noticed Ilsuiw
 33262 | Shoals:4 | Received a gift from Yredelemnul
 33274 | Shoals:4 | Reached skill level 19 in Fighting
 33279 | Shoals:4 | Killed Ilsuiw
 33336 | Shoals:4 | Reached skill level 5 in Translocations
 33379 | Shoals:4 | Received a gift from Yredelemnul
 33664 | Shoals:4 | Reached XP level 18. HP: 76/160 MP: 26/26
 33802 | Shoals:4 | Got a barnacled rune of Zot
 34276 | Elf:1    | Entered Level 1 of the Elven Halls
 34404 | Elf:1    | Received a gift from Yredelemnul
 34566 | Elf:1    | Found Veuxir's General Store.
 35120 | Elf:2    | Found a huge runed gate.
 35120 | Elf:2    | Found a huge runed gate.
 35120 | Elf:2    | Found a huge runed gate.
 35120 | Elf:2    | Found a huge runed gate.
 35120 | Elf:2    | Found a huge runed gate.
 35300 | Elf:2    | Received a gift from Yredelemnul
 35822 | Elf:2    | Received a gift from Yredelemnul
 35835 | Elf:2    | Noticed Aizul
 35842 | Elf:2    | Killed Aizul
 36277 | Elf:2    | Received a gift from Yredelemnul
 36300 | Elf:3    | Entered Level 3 of the Elven Halls
 36351 | Elf:3    | Reached skill level 20 in Fighting
 36477 | Elf:3    | Noticed a Brimstone Fiend
 36593 | Elf:3    | Received a gift from Yredelemnul
 36790 | Elf:3    | Identified Sif Muna's Incunabulum of Harmful Stones
 36805 | Elf:3    | Learned a level 2 spell: Swiftness
 36940 | Elf:3    | Noticed Saint Roka
 36982 | Elf:3    | Killed Saint Roka
 36991 | Elf:3    | Killed the ghostly Saint Roka
 37008 | Elf:3    | Received a gift from Yredelemnul
 37038 | Elf:3    | Got a fine leather armour
 37056 | Elf:3    | Got a scorched glass ring
 37076 | Elf:3    | Identified the +3 leather armour of Cysam {Int+3 Dex+3} (You found it on level 3 of the Elven Halls)
 37098 | Elf:3    | Identified the Grimoire of Burning Attacks (You found it on level 3 of the Elven Halls)
 37100 | Elf:3    | Identified the ring "Mawycw" {rF+ Dex+4 Stlth-} (You found it on level 3 of the Elven Halls)
 37120 | Elf:3    | Identified the Reference Book on Evil Arts and Snow
 37221 | Elf:3    | Received a gift from Yredelemnul
 37927 | Vaults:1 | Entered Level 1 of the Vaults
 37934 | Vaults:1 | Reached XP level 19. HP: 170/170 MP: 27/27
 38121 | Vaults:1 | Received a gift from Yredelemnul
 38603 | Vaults:1 | Found a radiant altar of Vehumet.
 38603 | Vaults:1 | Noticed a lich
 38610 | Vaults:1 | Killed a lich
 38763 | Vaults:1 | Received a gift from Yredelemnul
 38903 | Vaults:1 | Reached skill level 5 in Armour
 38961 | Vaults:2 | Reached skill level 21 in Fighting
 39071 | Vaults:2 | Received a gift from Yredelemnul
 39302 | Vaults:2 | Noticed Norris
 39317 | Vaults:2 | Killed Norris
 39940 | Vaults:2 | Found a staircase to the Crypt.
 40342 | Lair:2   | Learned a level 6 spell: Statue Form
 40491 | Slime:1  | Entered Level 1 of the Pits of Slime
 40537 | Slime:1  | Reached skill level 1 in Transmutations
 40699 | Slime:2  | Received a gift from Yredelemnul
 40724 | Slime:2  | Received a gift from Yredelemnul
 41109 | Slime:4  | Reached skill level 5 in Transmutations
 41601 | Slime:6  | Entered Level 6 of the Pits of Slime
 41635 | Slime:6  | Received a gift from Yredelemnul
 41794 | Slime:6  | Found a viscous altar of Jiyva.
 41799 | Slime:6  | Noticed the royal jelly
 41810 | Slime:6  | Reached XP level 20. HP: 75/180 MP: 16/28
 41882 | Slime:6  | Gained mutation: You are clumsy. (Dex -2) [a shining eye]
 41892 | Slime:6  | Slain by an azure jelly

Action                   |  1- 3 |  4- 6 |  7- 9 | 10-12 | 13-15 | 16-18 | 19-21 || total
-------------------------+-------+-------+-------+-------+-------+-------+-------++-------
Melee: Trident           |   137 |   262 |   115 |    96 |   240 |  1046 |   685 ||  2581
       Bardiche          |       |       |     8 |       |       |       |       ||     8
       Spear             |       |       |   402 |  1440 |  1525 |       |       ||  3367
Throw: Throwing net      |     5 |     1 |     1 |       |       |       |       ||     7
       Javelin           |       |       |       |     2 |       |     6 |       ||     8
 Cast: Repel Missiles    |       |       |       |       |     1 |     9 |     1 ||    11
       Blink             |       |       |       |       |       |     1 |       ||     1
       Swiftness         |       |       |       |       |       |     4 |     3 ||     7
Invok: Animate Remains   |       |       |     8 |    19 |       |       |       ||    27
       Animate Dead      |       |       |       |    46 |   146 |   116 |    27 ||   335
       Recall Undead Sla |       |       |       |     3 |    20 |    14 |     7 ||    44
       Injury Mirror     |       |       |       |       |     1 |     2 |     1 ||     4
       Enslave Soul      |       |       |       |       |     7 |     7 |     1 ||    15
       Stop Recall       |       |       |       |       |     3 |       |       ||     3
       Drain Life        |       |       |       |       |     1 |     6 |     4 ||    11
Evoke: Sack of spiders   |       |       |       |       |     2 |       |       ||     2
       Wand              |       |       |       |       |       |       |     1 ||     1
  Use: Scroll            |     3 |    10 |     5 |    11 |    16 |    15 |     2 ||    62
       Potion            |       |       |     3 |     1 |     2 |     1 |     5 ||    12
 Stab: Sleeping          |     2 |     1 |     3 |    17 |    35 |    17 |     1 ||    76
       Distracted        |       |       |       |    12 |    29 |    32 |    15 ||    88
       Paralysed         |       |       |       |       |    13 |     1 |    11 ||    25
       Held in net/web   |       |       |       |       |       |     1 |       ||     1
  Eat: Chunk             |       |    12 |     7 |    15 |    42 |    26 |     9 ||   111
       Bread ration      |       |       |     1 |     1 |     3 |     3 |     1 ||     9
       Meat ration       |       |       |       |     3 |     1 |       |       ||     4
       Pizza             |       |       |       |     1 |       |     1 |     1 ||     3
       Beef jerky        |       |       |       |     4 |     1 |     6 |       ||    11
       Fruit             |       |       |       |     1 |     3 |     3 |     5 ||    12
       Royal jelly       |       |       |       |       |       |       |     1 ||     1
